 Dungeon Crawl Stone Soup version 0.30.0-29-ga12c61a403 (webtiles) character file.

Game seed: 2967479923142826159

74 BONEBRO the Chopper (level 4, 0/40 HPs)
             Began as a Hill Orc Fighter on June 12, 2023.
             Was an Initiate of Okawaru.
             Slain by Grinder (3 damage)
             ... on level 3 of the Dungeon.
             The game lasted 00:03:55 (1550 turns).

BONEBRO the Chopper (Hill Orc Fighter)              Turns: 1550, Time: 00:03:55

Health: 0/40       AC:  8    Str: 26    XL:     4   Next: 30%
Magic:  0/4        EV:  9    Int:  8    God:    Okawaru [......]
Gold:   68         SH:  4    Dex: 10    Spells: 3/3 levels left

rFire   . . .        a - +0 war axe
rCold   + . .        c - +0 buckler
rNeg    . . .        l - +2 scale mail {rC+}
rPois   .            (no helmet)
rElec   .            (no cloak)
rCorr   .            (no gloves)
SInv    .            (no boots)
Will    .....        p - amulet of guardian spirit Stlth
                     o - +6 ring of strength
HPRegen 0.26/turn    (no ring)
MPRegen 0.09/turn

%: guardian spirit
@: no status effects
A: no striking features
a: Renounce Religion


You were on level 3 of the Dungeon.
You worshipped Okawaru.
Okawaru was noncommittal.
You visited 1 branch of the dungeon, and saw 3 of its levels.

You collected 68 gold pieces.

Inventory:

Hand Weapons
 a - a +0 war axe (weapon)
Missiles
 t - 6 datura-tipped darts (quivered)
Armour
 b - a +0 scale mail
 c - a +0 buckler (worn)
 l - a +2 scale mail of cold resistance (worn)
Jewellery
 o - a +6 ring of strength (left hand)
 p - an amulet of guardian spirit (around neck)
 r - a ring of see invisible
Scrolls
 e - a scroll of vulnerability {unknown}
 g - a scroll of torment {unknown}
 i - 3 scrolls of identify {unknown}
 k - a scroll of teleportation {unknown}
 m - a scroll of brand weapon {unknown}
 q - a scroll of butterflies {unknown}
 s - a scroll of immolation {unknown}
Potions
 d - 2 potions of might
 f - a potion of magic {unknown}
 h - a potion of degeneration {unknown}
 j - a potion of brilliance {unknown}
 n - a potion of lignification {unknown}
 u - a potion of flight {unknown}


   Skills:
 - Level 4.0 Fighting
 * Level 4.9 Axes
 - Level 3.6 Armour
 - Level 3.6 Shields


You had 3 spell levels left.
You didn't know any spells.
Your spell library contained the following spells:

 Spells                   Type           Power      Damage    Failure   Level
 Magic Dart               Conj           0%         1d3       75%         1
 Sublimation of Blood     Necr           0%         N/A       87%         2
 Wereblood                Tmut           0%         N/A       87%         2
 Dazzling Flash           Conj/Hex       0%         N/A       98%         3
 Mephitic Cloud           Conj/Pois/Air  0%         N/A       98%         3
 Portal Projectile        Hex/Tloc       0%         N/A       98%         3
 Vhi's Electric Charge    Tloc/Air       0%         N/A       98%         3
 Volatile Blastmotes      Fire/Tloc      0%         2d10      98%         3
 Anguish                  Hex/Necr       0%         N/A       100%        4
 Cause Fear               Hex            0%         N/A       100%        4
 Iskenderun's Mystic Bla  Conj/Tloc      0%         2d3       100%        4
 Agony                    Necr           0%         N/A       100%        5
 Arcjolt                  Conj/Air       0%         1d10      100%        5
 Blade Hands              Tmut           0%         N/A       100%        5
 Silence                  Hex/Air        0%         N/A       100%        5
 Starburst                Conj/Fire      0%         6d3       100%        6
 Enfeeble                 Hex            0%         N/A       100%        7
 Maxwell's Capacitive Co  Air            0%         ∞         100%        8
 Call Imp                 Summ           Unusable   N/A       N/A         2
 Tukima's Dance           Hex            Unusable   N/A       N/A         3
 Summon Hydra             Summ           Unusable   N/A       N/A         7

Dungeon Overview and Level Annotations

Branches:
Dungeon (3/15)

Altars:
Okawaru
Wu Jian

Annotations:
D:3 Grinder


Message History

You block the goblin's attack.
You slash the goblin!
You kill the goblin!
Okawaru accepts your kill.
No target in view!
You see here a ball python corpse.
Found an escape hatch in the floor.
No target in view!
There is an escape hatch in the floor here.
Found a robe.
Grinder zaps a wand.
The puff of flame hits you!
Grinder blinks!
Found an escape hatch in the ceiling.
Grinder gestures at you. Pain shoots through your body!
Grinder zaps a wand.
The puff of flame hits you.
You are too injured to fight recklessly!
You are too injured to fight recklessly!
You are too injured to fight recklessly!
You closely miss Grinder. Grinder gestures at you.
Pain shoots through your body!
* * * LOW HITPOINT WARNING * * *
You hit Grinder.
Grinder is lightly wounded.
Grinder gestures at you.
You suddenly lose the ability to move!
Grinder hits you but does no damage. Grinder gestures at you.
You shrug off the repeated paralysis!
You can move again.
You slash Grinder!
Grinder is moderately wounded.
Grinder zaps a wand.
The puff of flame hits you!
* * * LOW HITPOINT WARNING * * *
You slash Grinder!
Grinder is heavily wounded.
Grinder hits you but does no damage.
You slash Grinder!
Grinder is almost dead.
Grinder hits you.
You die...

.#...###..####....
....##..... .....#
.......#.####..#.## .
.#.........##.##..####..
....#....#..#...........
..#.#.#####>............
..#.†.# ##.#.........<
..)..######.............
..^.............@.......
...#.####........5......
..#..# #...............
....## #..>.......#####
...######......####....
..................g..
......#..##...##...##.
.........#.....#...# ..
......#....._......#


You could see Grinder.

Vanquished Creatures
  A gnoll (D:1)
  An adder (D:2)
  An orc (D:3)
  7 endoplasms
  2 giant cockroaches
  10 goblins
  4 hobgoblins
  4 kobolds
  4 quokkas
  7 ball pythons
  2 bats (D:1)
  A frilled lizard (D:1)
  4 rats
48 creatures vanquished.

Notes
Turn   | Place    | Note
-------+----------+-------------------------------------------
     0 | D:1      | BONEBRO the Hill Orc Fighter began the quest for the Orb.
     0 | D:1      | Reached XP level 1. HP: 19/19 MP: 1/1
   193 | D:1      | Reached XP level 2. HP: 25/27 MP: 2/2
   370 | D:1      | Reached XP level 3. HP: 26/33 MP: 3/3
  1104 | D:2      | Found an ornate altar of the Wu Jian Council.
  1114 | D:2      | Reached XP level 4. HP: 40/40 MP: 4/4
  1469 | D:3      | Found an iron altar of Okawaru.
  1475 | D:3      | Became a worshipper of Warmaster Okawaru
  1477 | D:3      | Noticed Grinder
  1546 | D:3      | Paralysed by Grinder for 2 turns
  1548 | D:3      | HP: 2/40 [Grinder/puff of flame (7)]
  1550 | D:3      | Slain by Grinder

Illustrated notes

Levels and vault maps discovered:
D:1:      elethiomel_arrival_maze, layout_basic, serial_bayou_lagoon_a
D:2:      layout_loops_ring, basic_altar, kennysheep_crisscross
D:3:      layout_rooms, okawaru_gym_becter, minmay_cut_off, uniq_ijyb,
          uniq_grinder

Skill      XL: |  1  2  3 |
---------------+----------+-----
Fighting       | 4 |  4.0
Axes           | 3 4 |  4.9
Armour         | |  3.6
Shields        | |  3.6

Action                     |  1- 3 |  4- 6 || total
---------------------------+-------+-------++-------
  Melee: War axe           |    88 |    32 ||   120
  Throw: Dart              |       |     1 ||     1
 Armour: Scale mail        |    37 |    13 ||    50
  Dodge: Dodged            |    38 |     9 ||    47
  Block: Buckler           |    17 |     6 ||    23
